 Dungeon Crawl Stone Soup version 0.28.0-53-g5a82cb258f (webtiles) character file.

Game seed: 12215525902690293214

8142 ChickenMitten the Protected (level 11, -1/73 (90) HPs)
             Began as a Formicid Hunter on Aug 1, 2022.
             Was a High Priest of Okawaru.
             Slain by an angel
             ... wielding a +3 whip of holy wrath
              (5 damage)
             ... on level 1 of the Abyss.
             The game lasted 00:47:26 (12973 turns).

ChickenMitten the Protected (Formicid Hunter)      Turns: 12973, Time: 00:47:27

HP:   -1/73 (90)    AC: 18    Str: 22    XL:     11   Next: 50%
MP:   11/11         EV: 19    Int: 12    God:    Okawaru [*****.]
Gold: 309           SH: 21    Dex: 11    Spells: 10/10 levels left

rFire   . . .      SeeInvis +   a - +1 hand crossbow (flame)
rCold   + . .      Faith    .   J - +10 tower shield "Koirif" {rPois Stlth+}
rNeg    . . .      Spirit   .   o - +0 plate armour
rPois   +          Reflect  .   (helmet unavailable)
rElec   .          Harm     .   (no cloak)
rCorr   .          Rampage  .   (no gloves)
Will    +....                   f - +0 pair of boots
Stlth   ..........              u - amulet of the acrobat
HPRegen 0.22/turn               v - ring of flight
MPRegen 0.12/turn               w - ring of protection from cold

@: acrobatic, flying, glowing, heavily drained
A: permanent stasis, dig shafts and tunnels, antennae 3, four strong arms, beak,
iridescent scales 1, strong 1
a: Dig, Shaft Self, Renounce Religion, Heroism, Finesse, Duel


You were on level 1 of the Abyss.
You worshipped Okawaru.
Okawaru was extremely pleased with you.
You visited 2 branches of the dungeon, and saw 11 of its levels.
You visited the Abyss 1 time.

You collected 414 gold pieces.
You spent 105 gold pieces at shops.

Inventory:

Hand Weapons
 a - a +1 hand crossbow of flaming (weapon)
 b - a +0 short sword
 g - a +2 long sword of protection
 k - a +2 falchion of electrocution
 x - a +7 flail
 y - a +3 flail of protection
Missiles
 t - 50 bolts (quivered ammo)
Armour
 c - a +0 leather armour
 e - a +0 ring mail
 f - a +0 pair of boots (worn)
 o - a +0 plate armour (worn)
 J - the +10 tower shield "Koirif" (worn) {rPois Stlth+}
   (Okawaru gifted it to you on level 8 of the Dungeon)

   rPois:     It protects you from poison.
   Stlth:     It makes you more stealthy.
Jewellery
 u - an amulet of the acrobat (around neck)
 v - a ring of flight (left hand)
 w - a ring of protection from cold (right hand)
 C - an amulet of regeneration
Wands
 p - a wand of iceblast (7)
 B - a wand of mindburst (13)
 F - a wand of paralysis (3)
 H - a wand of digging (3)
 I - a wand of polymorph (7)
Scrolls
 h - 2 scrolls of noise
 l - 2 scrolls of vulnerability
 m - a scroll of blinking
 n - a scroll of amnesia {unknown}
 q - a scroll of brand weapon
 z - 2 scrolls of magic mapping
 D - a scroll of enchant weapon
 G - a scroll of holy word
Potions
 d - 2 potions of mutation
 i - a potion of cancellation
 r - 5 potions of curing
 s - a potion of heal wounds
 A - a potion of haste
 E - a potion of lignification


   Skills:
 + Level 9.6 Fighting
 - Level 0.9(1.1) Short Blades
 - Level 0.7(1.0) Long Blades
 - Level 5.0 Maces & Flails
 - Level 10.6 Crossbows
 - Level 0.2 Throwing
 - Level 10.6 Armour
 - Level 1.7 Dodging
 - Level 1.2 Stealth
 * Level 1.6 Shields


You had 10 spell levels left.
You didn't know any spells.
Your spell library contained the following spells:

 Spells                   Type           Power      Damage    Failure   Level
 Apportation              Tloc           0%         N/A       100%        1
 Conjure Flame            Conj/Fire      0%         6-21      100%        3
 Frozen Ramparts          Ice            0%         1d2       100%        3
 Ignite Poison            Fire/Tmut/Pois 0%         N/A       100%        3
 Ice Form                 Ice/Tmut       0%         N/A       100%        4
 Sticky Flame             Conj/Fire      0%         2d3       100%        4
 Animate Skeleton         Necr           Unusable   N/A       N/A         1
 Summon Small Mammal      Summ           Unusable   N/A       N/A         1
 Summon Ice Beast         Ice/Summ       Unusable   N/A       N/A         4

Dungeon Overview and Level Annotations

Branches:
Dungeon (10/15)            Temple (0/1) D:6            Lair (1/6) D:8
    Orc: D:9-12

Altars:
Ashenzari
Fedhas
Okawaru
Trog
Uskayaw
Vehumet

Shops:
D:4 ?   D:10 [

Annotations:
D:10 Erolcha


Innate Abilities, Weirdness & Mutations

You cannot be hasted, slowed, berserked, paralysed or teleported.
You can dig through walls and to a lower floor.
You have a pair of large antennae on your head. (SInv)
Your four strong arms can wield two-handed weapons with a shield.
You have a beak for a mouth.
You are partially covered in iridescent scales. (AC +2)
Your muscles are strong. (Str +2)


Message History

You block the thrashing horror's attack.
The thrashing horror closely misses you.
A starcursed mass comes into view.
You block the thrashing horror's attack. x2
The starcursed mass shrieks in your mind.
The angel hits you but does no damage. x2
You block the thrashing horror's attack. x3
The thrashing horror barely misses you. The thrashing horror tramples you.
You are shoved backwards!
The thrashing horror tramples you!
* * * LOW HITPOINT WARNING * * *
You hold your ground!
You block the thrashing horror's attack.
Aiming: Duel (90% risk of failure)
Press: ? - help, Dir - move target, f - ufetubus
Aim: an ufetubus (haloed)
The ufetubus is not worthy to be dueled!
The thrashing horror roars!
You block the thrashing horror's attack.
The thrashing horror tramples you but does no damage.
You block the thrashing horror's attack. x2
The angel hits you with a +3 whip of holy wrath.
* * * LOW HITPOINT WARNING * * *
You block the angel's attack.
A sixfirhy comes into view.
Aiming: Duel (90% risk of failure)
Press: ? - help, Dir - move target, f - sixfirhy, p - ufetubus
Aim: a sixfirhy (wandering, hasn't noticed you)
You fail to use your ability.
You block the thrashing horror's attack. x2
A starcursed mass splits.
The angel hits you with a +3 whip of holy wrath!
* * * LOW HITPOINT WARNING * * *
The angel hits you with a +3 whip of holy wrath.
* * * LOW HITPOINT WARNING * * *
A death knight comes into view. It is wielding a +0 broad axe.
The death knight shouts!
The death knight offers itself to Yredelemnul, and fills with unholy energy.
The angel hits you with a +3 whip of holy wrath.
You die...

.. ..# p. #..# .
#. .#. .. # #.#
..# ..# .. ..
..#...# ..##
.#.....# #
...#......#
#..#.#@##
#..3A.#
##########5##
#.........#...#
#........X ....#
#.........#..#.#
.....#...#..# #
#.... .X..#..#
#.....X...#..#


You could see a starcursed mass, an angel, a death knight (reflects damage), a
thrashing horror, a sixfirhy and an ufetubus.

Vanquished Creatures
  A boulder beetle (D:8)
  A spatial maelstrom (Abyss:1)
  A worldbinder (Abyss:1)
  A cane toad (Lair:1)
  2 komodo dragons (D:8)
  2 trolls
  A hornet (D:9)
  5 blink frogs
  A harpy skeleton (Abyss:1)
  4 yaks (Lair:1)
  A wyvern (D:9)
  A basilisk (Lair:1)
  A steam dragon (D:6)
  A small abomination (Abyss:1)
  Edmund (D:4)
  4 water moccasins
  An orc warrior (D:9)
  2 sky beasts
  2 black bears
  A necrophage (D:8)
  An ogre (D:6)
  3 centaurs
  3 wolves (D:8)
  2 kobold brigands
  4 bullfrogs
  A scorpion (D:7)
  A water moccasin zombie (D:6)
  A wyvern skeleton (D:7)
  20 wights
  An electric eel (D:8)
  A howler monkey (D:6)
  2 gnoll shamans
  6 hounds
  4 orc priests
  3 centaur skeletons
  3 iguanas
  Jessica (D:3)
  7 orc wizards
  A killer bee zombie (D:8)
  A howler monkey zombie (D:7)
  11 gnolls
  12 adders
  An adder zombie (D:5)
  2 worms
  2 dart slugs
  27 orcs
  5 bats
  4 endoplasms
  A giant cockroach (D:4)
  4 hobgoblins
  4 jackals (D:1)
  3 quokkas
  A ball python (D:4)
  2 frilled lizards (D:3)
  7 goblins
  10 kobolds
  6 rats
202 creatures vanquished.

Vanquished Creatures (others)
  A fungus (Lair:1)
  A plant (Lair:1)
2 creatures vanquished.

Grand Total: 204 creatures vanquished

Notes
Turn   | Place    | Note
-------+----------+-------------------------------------------
     0 | D:1      | ChickenMitten the Formicid Hunter began the quest for the
                  | Orb.
     0 | D:1      | Reached XP level 1. HP: 16/16 MP: 1/1
    81 | D:1      | Reached skill level 1 in Armour
    87 | D:1      | Reached XP level 2. HP: 11/23 MP: 2/2
   821 | D:1      | You fall into a shaft and drop 1 floor!
  1085 | D:2      | Reached XP level 3. HP: 29/29 MP: 3/3
  1350 | D:2      | Found a faded altar of an unknown god.
  1531 | D:2      | Found an iron altar of Okawaru.
  1540 | D:2      | Became a worshipper of Warmaster Okawaru
  1881 | D:3      | Reached XP level 4. HP: 35/35 MP: 4/4
  2393 | D:3      | Found a hide-covered altar of Uskayaw.
  2492 | D:3      | Noticed Jessica
  2497 | D:3      | Killed Jessica
  2498 | D:3      | Reached XP level 5. HP: 41/41 MP: 5/5
  3609 | D:4      | Found Fowyzim's Magic Scroll Shoppe.
  3684 | D:4      | Noticed a black bear
  3706 | D:4      | Killed a black bear
  3706 | D:4      | Reached * piety under Okawaru
  3707 | D:4      | Reached XP level 6. HP: 32/48 MP: 6/6
  3758 | D:4      | Noticed Edmund
  4294 | D:4      | Found a blossoming altar of Fedhas.
  4665 | D:4      | Killed Edmund
  4666 | D:4      | Reached skill level 5 in Armour
  4666 | D:4      | Reached XP level 7. HP: 55/55 MP: 7/7
  4723 | D:4      | Reached skill level 5 in Crossbows
  4758 | D:4      | Bought a scroll of magic mapping for 49 gold pieces
  4758 | D:4      | Bought a scroll of identify for 28 gold pieces
  4758 | D:4      | Bought a scroll of identify for 28 gold pieces
  4761 | D:4      | Gained mutation: You are partially covered in iridescent
                  | scales. (AC +2) [potion of mutation]
  4761 | D:4      | Gained mutation: You have hidden genetic potential. [potion
                  | of mutation]
  5222 | D:4      | Found a broken altar of Ashenzari.
  5254 | D:5      | Entered Level 5 of the Dungeon
  5371 | D:5      | Found an iron altar of Okawaru.
  5427 | D:5      | Reached skill level 5 in Fighting
  5446 | D:5      | Reached XP level 8. HP: 59/62 MP: 8/8
  5556 | D:5      | Reached ** piety under Okawaru
  5801 | D:5      | Gained mutation: Your muscles are strong. (Str +2) [hidden
                  | potential]
  6561 | D:6      | Found a radiant altar of Vehumet.
  6670 | D:6      | Reached *** piety under Okawaru
  6671 | D:6      | Reached XP level 9. HP: 20/69 MP: 9/9
  7037 | D:6      | Gained mutation: You have a beak for a mouth. [hidden
                  | potential]
  7037 | D:6      | Lost mutation: You have hidden genetic potential. [hidden
                  | potential expressed]
  7049 | D:6      | Reached skill level 1 in Maces & Flails
  7326 | D:6      | Found a staircase to the Ecumenical Temple.
  8531 | D:7      | You are sucked into a shaft and drop 2 floors!
  8979 | D:8      | Reached **** piety under Okawaru
  9137 | D:7      | Reached XP level 10. HP: 79/79 MP: 10/10
  9468 | D:8      | Found a staircase to the Lair.
 10316 | D:8      | Received a gift from Okawaru
 10317 | D:8      | Reached skill level 5 in Maces & Flails
 10496 | D:8      | Noticed a boulder beetle
 10525 | D:8      | Killed a boulder beetle
 10778 | D:8      | Reached ***** piety under Okawaru
 10778 | D:8      | Received a gift from Okawaru
 11227 | D:9      | Reached skill level 10 in Armour
 11265 | D:9      | Found a bloodstained altar of Trog.
 11330 | D:9      | Reached XP level 11. HP: 87/87 MP: 11/11
 11705 | Lair:1   | Entered Level 1 of the Lair of Beasts
 11707 | Lair:1   | Received a gift from Okawaru
 11787 | Lair:1   | Reached skill level 10 in Crossbows
 12456 | D:8      | Identified the +10 tower shield "Koirif" {rPois Stlth+}
                  | (Okawaru gifted it to you on level 8 of the Dungeon)
 12456 | D:8      | Received a gift from Okawaru
 12479 | D:8      | Reached skill level 1 in Shields
 12543 | Lair:1   | Noticed a five-headed hydra
 12662 | D:10     | Entered Level 10 of the Dungeon
 12687 | D:10     | Found Inylefeq's Armour Boutique.
 12734 | D:10     | Noticed Erolcha
 12735 | D:10     | Cast into level 1 of the Abyss (Erolcha)
 12740 | Abyss:1  | Noticed a spatial maelstrom
 12749 | Abyss:1  | Killed a spatial maelstrom
 12797 | Abyss:1  | Noticed a worldbinder
 12799 | Abyss:1  | Noticed a red very ugly thing
 12800 | Abyss:1  | Noticed an ironbound thunderhulk
 12801 | Abyss:1  | Noticed a green very ugly thing
 12802 | Abyss:1  | Killed a worldbinder
 12875 | Abyss:1  | Noticed a large abomination
 12892 | Abyss:1  | Noticed an angel
 12900 | Abyss:1  | Noticed a thrashing horror
 12934 | Abyss:1  | Noticed a thrashing horror
 12964 | Abyss:1  | Noticed a starcursed mass
 12970 | Abyss:1  | Noticed a sixfirhy
 12971 | Abyss:1  | HP: 3/73 [angel/+3 whip of holy wrath (2)]
 12972 | Abyss:1  | Noticed a death knight
 12973 | Abyss:1  | Slain by an angel

Illustrated notes

Levels and vault maps discovered:
D:1:      lightli_arrival_noodles, layout_basic, chequers_serial_rivers_room_a
D:2:      layout_basic, basic_altar, chequers_ecumenical_altar_island
D:3:      layout_loops_corners, mainiacjoe_overflow_24_doors,
          minmay_misc_feat_cross, minivault_24, minmay_cupped, uniq_jessica
D:4:      layout_layer_cave, fedhas_ov_isle_minmay, kennysheep_mini,
          serial_shops, shop, uniq_edmund
D:5:      layout_cave_pods, okawaru_gym_becter
D:6:      layout_gridville, vehumet_crystals,
          minmay_temple_entry_statues_pillars
D:7:      layout_basic
D:8:      layout_loops_ring, erik_lair_island, hangedman_decor_lopped,
          minmay_misc_feat_pillars, grunt_ministairs_5
D:9:      layout_rooms, overflow_temple_1_default
D:10:     layout_gridville, nicolae_ru_the_path_less_chosen, serial_shops,
          nicolae_shop_stone, kennysheep_opposing_triangles, uniq_snorg,
          uniq_sonja, uniq_erolcha
Lair:1:   layout_cave_shapes
Abyss:1:  base:
D:7

Skill      XL: |  1  2  3  4  5  6  7  8  9 10 11 |
---------------+----------------------------------+-----
Armour         | 1 2 3 4 5 6 8 10 | 10.6
Fighting       | 3 4 5 7 8 9 |  9.6
Crossbows      | 5 7 8 9 10 | 10.6
Maces & Flails | 3 5 |  5.0
Shields        | 1 |  1.6
Short Blades   | |  0.9
Long Blades    | |  0.7
Throwing       | |  0.2
Dodging        | |  1.7
Stealth        | |  1.2

Action                   |  1- 3 |  4- 6 |  7- 9 | 10-12 || total
-------------------------+-------+-------+-------+-------++-------
Melee: Short sword       |    24 |       |       |       ||    24
       Long sword        |    14 |       |       |       ||    14
       Falchion          |    27 |    67 |       |       ||    94
       Punch             |     1 |       |     2 |     1 ||     4
       Hand crossbow     |     1 |       |       |       ||     1
       Flail             |       |       |   180 |    90 ||   270
       Peck              |       |       |    31 |    22 ||    53
 Fire: Hand crossbow     |     9 |    69 |   101 |   189 ||   368
Throw: Throwing net      |       |     2 |     1 |       ||     3
 Abil: Shaft Self        |       |       |     1 |       ||     1
       Dig               |       |       |       |     8 ||     8
  Use: Potion            |     2 |       |     8 |     2 ||    12
       Scroll            |       |     1 |     7 |     3 ||    11
Armor: Ring mail         |    25 |    28 |    70 |       ||   123
       Leather armour    |     2 |       |       |       ||     2
       Skin              |     5 |       |    11 |       ||    16
       Plate armour      |       |       |    63 |   115 ||   178
Dodge: Dodged            |    35 |    59 |   124 |   112 ||   330
Block: Tower shield      |       |       |       |   112 ||   112
